 Dungeon Crawl Stone Soup version v1.3-6-gcec1249 (webtiles) character file.

74 CurrentUnit the Ducker (level 4, 0/32 HPs)
             Began as a Demonspawn Archaeologist on Oct 19, 2018.
             Killed by divine providence
             ... invoked by an orc priest
              (15 damage)
             ... on level 3 of the Dungeon.
             The game lasted 00:08:10 (3226 turns).

CurrentUnit the Ducker (Demonspawn Archaeologist)   Turns: 3226, Time: 00:08:11

Health: 0/32       AC: 11    Str: 17    XL:     4   Next: 10%
Magic:  4/4        EV: 13    Int: 15    God:
Gold:   220        SH:  0    Dex: 12    Spells: 3/3 levels left

rFire    . . .     SeeInvis .   a - +0 flail
rCold    . . .     Gourm    .   (no shield)
rNeg     . . .     Faith    .   i - +1 robe
rPois    .         Spirit   .   b - +2 hat
rElec    .         Reflect  .   (no cloak)
rCorr    .         Harm     .   d - +2 pair of gloves
MR       .....                  c - +2 pair of boots
Stlth    +++.......             h - amulet of the acrobat
HPRegen  0.10/turn              (no ring)
MPRegen  0.09/turn              (no ring)

@: mighty, studying Maces & Flails
A: nightstalker 1, powered by pain 1
a: no special abilities


You were on level 3 of the Dungeon.
You were not hungry.

You visited 1 branch of the dungeon, and saw 3 of its levels.

You collected 220 gold pieces.

Inventory:

Hand Weapons
 a - a +0 flail (weapon)
Missiles
 p - 310 stones (quivered)
Armour
 b - a +2 hat (worn)
 c - a +2 pair of boots (worn)
 d - a +2 pair of gloves (worn)
 i - a +1 robe (worn)
Jewellery
 h - an amulet of the acrobat (around neck)
Scrolls
 m - 2 scrolls of teleportation
Potions
 k - a potion of brilliance
 l - 3 potions of haste
 n - a potion of curing
Books
 e - a manual of Maces & Flails
Miscellaneous
 f - an ancient crate
Comestibles
 g - 5 rations


   Skills:
 + Level 1.3 Fighting
 * Level 2.0 Maces & Flails
 + Level 3.5 Dodging
 + Level 3.1 Stealth
 - Level 1.0 Unarmed Combat


You had 3 spell levels left.
You didn't know any spells.
Your spell library was empty.

Dungeon Overview and Level Annotations

Branches:
Dungeon (3/12)

Altars:
Lugonu
Sif Muna
Uskayaw
The Shining One


Innate Abilities, Weirdness & Mutations

You are slightly more attuned to the shadows.
You sometimes gain a little power by taking damage.


Message History

You see here a club.
An orc priest comes into view. It is wielding a hand axe.
Found 11 gold pieces.
An orc comes into view. 2 orcs come into view.
The orc priest shouts!
You hear a shout!
The orc shouts!
The orc priest calls down the wrath of Beogh upon you.
Pain shoots through your body!
A rat comes into view.
You closely miss the orc. The orc closely misses you.
You barely miss the orc. The orc hits you but does no damage.
You hit the orc.
The orc is moderately wounded.
The orc priest mumbles some strange prayers to Beogh against you.
Beogh smites you!
You focus on the pain.
You feel very mighty all of a sudden. The orc completely misses you.
The orc priest mumbles some strange prayers to Beogh against you.
Beogh smites you!
You die...

#......### ......###
#..#..## #####.###..
.......# ##..........
##..#...######...)#.#####
.......#...#.....#.# #..
###.#..##...#.....#.# #.#
...$..o##......####.###.#
......oo@................
###.#.r######.#####..##.#
#..# #.##......... #..#
#.##.##..##.# #...
.........##.# #..#
.##.##..##.# ...# #
#..##.# ...##.# ....# .#


You could see an orc priest, 2 orcs and a rat.

Vanquished Creatures
  An adder (D:2)
  An ooze (D:3)
  A dart slug (D:1)
  2 leopard geckos
  2 orcs
  4 bats (D:1)
  A giant cockroach (D:2)
  5 goblins
  9 hobgoblins
  3 jackals (D:3)
  6 kobolds
  2 quokkas (D:2)
  2 ball pythons (D:3)
  2 frilled lizards
  13 rats
54 creatures vanquished.

Vanquished Creatures (others)
  2 plants (D:3)
2 creatures vanquished.

Grand Total: 56 creatures vanquished

Notes
Turn   | Place    | Note
-------+----------+-------------------------------------------
     0 | D:1      | CurrentUnit the Demonspawn Archaeologist began the quest for the Orb.
     0 | D:1      | Reached XP level 1. HP: 15/15 MP: 1/1
   380 | D:1      | Gained mutation: You are slightly more attuned to the shadows. [demonic ancestry]
   380 | D:1      | Reached XP level 2. HP: 21/21 MP: 2/2
  1520 | D:1      | Reached XP level 3. HP: 26/26 MP: 3/3
  1818 | D:2      | Found a corrupted altar of Lugonu.
  1836 | D:2      | Found a deep blue altar of Sif Muna.
  1839 | D:2      | Found a hide-covered altar of Uskayaw.
  2014 | D:2      | Reached skill level 1 in Maces & Flails
  2339 | D:2      | Found a glowing golden altar of the Shining One.
  2715 | D:3      | Reached skill level 1 in Unarmed Combat
  2784 | D:2      | Gained mutation: You sometimes gain a little power by taking damage. [demonic ancestry]
  2784 | D:2      | Reached XP level 4. HP: 21/32 MP: 4/4
  3226 | D:3      | Killed from afar by an orc priest

Skill      XL: |  1  2  3 |
---------------+----------+-----
Dodging        | 3 |  3.5
Stealth        | 3 |  3.1
Maces & Flails | 2 |  2.0
Unarmed Combat | 1 |  1.0
Fighting       | |  1.3

Action                   |  1- 3 |  4- 6 || total
-------------------------+-------+-------++-------
Melee: Unarmed           |   155 |     8 ||   163
       Club              |   243 |       ||   243
       Flail             |       |    22 ||    22
  Use: Scroll            |    14 |     2 ||    16
       Potion            |     4 |       ||     4
 Stab: Sleeping          |    11 |     2 ||    13
  Eat: Chunk             |     6 |     2 ||     8
Armor: Robe              |   158 |     9 ||   167
       Skin              |    47 |       ||    47
Dodge: Dodged            |   355 |    30 ||   385
